 Dungeon Crawl Stone Soup version 0.31-a0-640-g39d97e502b (webtiles) character file.

Game seed: 2853293943279014641

1101 thirtiethelement the Grave Robber (level 8, 0/53 HPs)
             Began as a Demonspawn Necromancer on Aug 27, 2023.
             Was an Initiate of Sif Muna.
             Succumbed to a gnoll sergeant's poison
             ... on level 6 of the Dungeon.
             The game lasted 00:19:05 (6000 turns).

thirtiethelement the Grave Robber (DsNe)            Turns: 6000, Time: 00:19:05

Health: 0/53       AC:  9    Str: 13    XL:     8   Next: 10%
Magic:  6/15       EV: 12    Int: 17    God:    Sif Muna [......]
Gold:   199        SH:  0    Dex: 13    Spells: 9/17 levels left

rFire   . . .        g - +0 dagger
rCold   . . .        (no shield)
rNeg    . . .        q - +0 leather armour "Sadghon" {rElec}
rPois   .            (no helmet)
rElec   +            (no cloak)
rCorr   .            a - +0 pair of gloves
SInv    .            k - +2 pair of boots
Will    .....        (no amulet)
Stlth   ++           (no ring)
HPRegen 0.28/turn    (no ring)
MPRegen 0.14/turn

%: no passive effects
@: lethally poisoned (0 -> -7)
A: icy blue scales 1, powered by pain 2, condensation shield, demonic touch 1,
hooves 1, mutation resistance 1, strong 1, inability to read after injury 1
a: Renounce Religion


You were on level 6 of the Dungeon.
You worshipped Sif Muna.
Sif Muna was noncommittal.
You visited 2 branches of the dungeon, and saw 7 of its levels.

You collected 325 gold pieces.
You spent 126 gold pieces at shops.

Inventory:

Hand Weapons
 g - a +0 dagger (weapon)
Missiles
 e - 2 javelins
 j - 21 poisoned darts (quivered)
Armour
 a - a +0 pair of gloves (worn)
 k - a +2 pair of boots (worn)
 q - the +0 leather armour "Sadghon" (worn) {rElec}
   (You found it on level 5 of the Dungeon)

   rElec:     It insulates you from electricity.
Jewellery
 s - a ring of ice
Scrolls
 f - a scroll of enchant armour {unknown}
 i - 3 scrolls of fog
 m - a scroll of revelation {unknown}
 n - a scroll of fear {unknown}
 p - a scroll of enchant weapon {unknown}
 r - 2 scrolls of teleportation
Potions
 b - a potion of magic
 c - a potion of cancellation {unknown}
 d - a potion of attraction {unknown}
 h - 2 potions of berserk rage
 l - 2 potions of enlightenment
 o - a potion of curing {unknown}


   Skills:
 + Level 0.6 Fighting
 + Level 2.6 Short Blades
 + Level 0.1 Throwing
 + Level 2.4 Armour
 + Level 2.5 Dodging
 + Level 2.5 Stealth
 + Level 0.5 Shields
 + Level 5.0 Spellcasting
 + Level 1.4 Conjurations
 + Level 7.2 Necromancy
 + Level 1.2 Air Magic


You had 9 spell levels left.
You knew the following spells:

 Your Spells              Type           Power      Damage    Failure   Level
a - Necrotise             Necr           100%       1d9       1%          1
b - Vampiric Draining     Necr           29%        2d8       2%          3
c - Blink                 Tloc           8%         N/A       26%         2
d - Static Discharge      Conj/Air       16%        2-3/arc   16%         2

Your spell library contained the following spells:

 Spells                   Type           Power      Damage    Failure   Level
 Animate Dead             Necr           29%        N/A       9%          4
 Apportation              Tloc           8%         N/A       19%         1
 Freeze                   Ice            16%        1d4       19%         1
 Agony                    Necr           29%        N/A       26%         5
 Hailstorm                Conj/Ice       6%         3d4       38%         3
 Frozen Ramparts          Ice            8%         1d2       47%         3
 Airstrike                Air            4%         2d(1-17)  73%         4
 Summon Lightning Spire   Summ/Air       6%         N/A       80%         4
 Manifold Assault         Tloc           4%         N/A       87%         4
 Alistair's Intoxication  Tmut/Pois      2%         N/A       99%         5


Dungeon Overview and Level Annotations

Branches:
Dungeon (6/15)             Temple (1/1) D:4

Altars:
Cheibriados
Dithmenos
Fedhas
Gozag
Hepliaklqana
Kikubaaqudgha
Makhleb
Nemelex Xobeh
Okawaru
Qazlal
Ru
Sif Muna
Trog
Uskayaw
Vehumet
Xom
Yredelemnul

Shops:
D:1 [   D:2 *[!

Annotations:
D:3 2 runed translucent doors, Natasha; Zvl3's ghost, amateur MiFi


Innate Abilities, Weirdness & Mutations

You are partially covered in icy blue scales. (AC +2)
You sometimes gain power by taking damage.
A meltable shield of frost defends you. (SH +0)
Your touch may inflict minor irresistible damage on your foes.
You have large cloven feet.
You are somewhat resistant to further mutation.
Your muscles are strong. (Str +4, Int/Dex -1)
You occasionally lose the ability to read scrolls when taking damage.


Message History

Casting: Necrotise (safe; 1% risk of failure)
Confirm with . or Enter, or press ? or * to list all spells.
Aiming: Necrotise (safe; 1% risk of failure)
Press: ? - help, Shift-Dir - straight line, f/p - gnoll
Aim: a gnoll, wielding a +0 spear (almost dead, chance to affect: 88%)
The gnoll writhes in agony.
You kill the gnoll!
Sif Muna accepts your kill.
The dead are walking!
You block the gnoll sergeant's attack.
An orc comes into view. It is wielding a +0 club.
An orc comes into view. It is wielding a +0 hand axe.
The gnoll throws a throwing net.
The throwing net closely misses you.
The gnoll sergeant attacks as it pursues you!
The gnoll sergeant closely misses you.
The orc shouts!
The orc priest mumbles some strange prayers to Beogh against you.
Beogh smites you! The orc wizard casts a spell at you.
The puff of flame hits you!
Your condensation shield dissipates!
The gnoll sergeant attacks as it pursues you!
The gnoll sergeant barely misses you.
Your gnoll skeleton hits the gnoll.
The orc wizard mumbles some strange words.
The orc wizard flickers and vanishes!
Deactivating autopickup; reactivate with Ctrl-A.
The orc priest invokes the aid of Beogh against you.
Pain shoots through your body!
The gnoll sergeant attacks as it pursues you!
The gnoll sergeant hits you from afar with a +0 spear of venom!
* * * LOW HITPOINT WARNING * * *
You are poisoned.
You feel very sick.
A gnoll comes into view. It is wielding a +0 whip.
You feel sick. The gnoll sergeant closely misses you.
The orc priest invokes the aid of Beogh against you.
Beogh smites you!
* * * LOW HITPOINT WARNING * * *
The gnoll moves out of view.
You die...

...........#####....####
#.....$Z.oo.## #...##
#...).$#.#oo.###..####
............gg..>..#.#####
...........##.g.......#..#
...........##.g..##.#....#
.......##..........####.##
...................#.#..#
.#..............@..#....#
.............#..###
...............##
...........#....#
..........#.....#
.....##........# .#...
#..#......# g...
#.##......# .. ...
##..#..#


You could see a gnoll sergeant, an orc priest, 4 gnolls and an orc.

Vanquished Creatures
  An ice beast (D:5)
  A sky beast (D:6)
  2 ogres
  2 jellies
  3 orc priests
  3 hounds
  Terence (D:3)
  A sleepcap (D:4)
  2 orc wizards
  Natasha (twice) (D:3)
  3 iguanas
  A mummy (D:4)
  5 gnolls
  8 adders
  A white imp (D:5)
  2 worms
  5 dart slugs
  22 orcs
  3 bats
  10 endoplasms
  3 giant cockroaches
  9 goblins
  6 hobgoblins
  8 kobolds
  4 quokkas
  5 ball pythons
  3 frilled lizards
  A hobgoblin zombie (D:4)
  2 kobold zombies (D:4)
  An orc zombie (D:4)
  8 rats
128 creatures vanquished.

Vanquished Creatures (collateral kills)
  2 orcs (D:3)
  An endoplasm (D:1)
  A hobgoblin (D:4)
  A quokka (D:3)
  A rat (D:2)
6 creatures vanquished.

Grand Total: 134 creatures vanquished

Notes
Turn   | Place    | Note
-------+----------+-------------------------------------------
     0 | D:1      | thirtiethelement the Demonspawn Necromancer began the quest
                  | for the Orb.
     0 | D:1      | Reached XP level 1. HP: 13/13 MP: 3/3
   165 | D:1      | Gained mutation: Your touch may inflict minor irresistible
                  | damage on your foes. [demonic ancestry]
   165 | D:1      | Reached XP level 2. HP: 19/19 MP: 1/5
   414 | D:1      | Reached skill level 5 in Necromancy
   679 | D:1      | Found Kotox's Antique Armour Shop.
   755 | D:2      | Found Peobauf's Antique Armour Boutique.
   757 | D:2      | Found Xiral's Distillery.
   791 | D:2      | Bought a potion of degeneration for 14 gold pieces
   791 | D:2      | Bought a potion of mutation for 112 gold pieces
   814 | D:2      | Reached XP level 3. HP: 24/24 MP: 3/6
   849 | D:2      | Found a faded altar of an unknown god.
  1051 | D:2      | Found Lozud's General Store.
  1170 | D:2      | Learned a level 3 spell: Vampiric Draining
  1173 | D:2      | Learned a level 2 spell: Blink
  1276 | D:2      | Gained mutation: You are partially covered in icy blue
                  | scales. (AC +2) [demonic ancestry]
  1276 | D:2      | Reached XP level 4. HP: 29/30 MP: 5/7
  1551 | D:2      | Reached skill level 1 in Short Blades
  1990 | D:3      | Noticed Terence
  1999 | D:3      | Killed Terence
  2250 | D:3      | Found a runed translucent door.
  2256 | D:3      | Noticed Zvl3's ghost (amateur MiFi)
  2294 | D:3      | Gained mutation: You sometimes gain a little power by
                  | taking damage. [demonic ancestry]
  2294 | D:3      | Reached XP level 5. HP: 35/35 MP: 0/9
  2531 | D:3      | Reached skill level 6 in Necromancy
  2902 | D:3      | Noticed Natasha
  2908 | D:3      | Killed Natasha
  2909 | D:3      | Reached skill level 1 in Armour
  3209 | D:3      | Noticed Natasha
  3218 | D:3      | Killed Natasha
  3219 | D:3      | Reached XP level 6. HP: 35/41 MP: 6/10
  3262 | D:3      | Found a runed translucent door.
  3518 | D:4      | Found a shadowy altar of Dithmenos.
  3621 | D:4      | Learned a level 2 spell: Static Discharge
  3822 | D:4      | Found a radiant altar of Vehumet.
  3943 | D:3      | Noticed Natasha
  4202 | D:4      | Found a staircase to the Ecumenical Temple.
  4240 | Temple   | Entered the Ecumenical Temple
  4348 | Temple   | Gained mutation: You occasionally lose the ability to read
                  | scrolls when taking damage. [potion of mutation]
  4348 | Temple   | Gained mutation: Your muscles are strong. (Str +4, Int/Dex
                  | -1) [potion of mutation]
  4348 | Temple   | Gained mutation: You are somewhat resistant to further
                  | mutation. [potion of mutation]
  4348 | Temple   | Gained mutation: You have large cloven feet. [potion of
                  | mutation]
  4365 | Temple   | Became a worshipper of Sif Muna the Loreminder
  4424 | D:4      | Found an iron altar of Okawaru.
  4459 | D:4      | Gained mutation: A meltable shield of frost defends you.
                  | (SH +0) [demonic ancestry]
  4459 | D:4      | Reached XP level 7. HP: 28/47 MP: 2/12
  4810 | D:5      | Entered Level 5 of the Dungeon
  5068 | D:5      | Reached skill level 1 in Conjurations
  5068 | D:5      | Reached skill level 7 in Necromancy
  5125 | D:5      | Identified the +0 leather armour "Sadghon" {rElec}
  5353 | D:5      | Reached skill level 1 in Air Magic
  5911 | D:6      | Gained mutation: You sometimes gain power by taking damage.
                  | [demonic ancestry]
  5911 | D:6      | Reached XP level 8. HP: 53/53 MP: 8/15
  5974 | D:6      | Reached skill level 5 in Spellcasting
  5999 | D:6      | HP: 1/53 [orc priest/divine providence (9)]
  6000 | D:6      | Succumbed to a gnoll sergeant's poison

Illustrated notes

Levels and vault maps discovered:
D:1:      sevenhm_arrival_forest_fort_small_4, layout_rooms, serial_shops, shop
D:2:      minmay_angry_zag, layout_loops_ring, basic_ecumenical_altar,
          serial_shops, shop_coins, nicolae_shop_tiny_real_fake_doors,
          nicolae_shop_stone, minmay_tiny_reverse_x
D:3:      layout_loops_corners, ebering_ghost_sewer_f, uniq_natasha,
          uniq_terence
D:4:      layout_basic, nicolae_dithmenos_through_a_glass_darkly,
          grunt_temple_overflow_open, minmay_temple_entry_ruins,
          nrook_mini_backslash, minmay_mini_ossuary
D:5:      layout_basic
D:6:      layout_cave_pools, nicolae_zen_rock_garden, kennysheep_generic_room_14
Temple:   eino_temple_rhombus

Skill      XL: |  1  2  3  4  5  6  7  8 |
---------------+-------------------------+-----
Dodging        | 2 |  2.5
Necromancy     | 5 6 7 |  7.2
Stealth        | 2 |  2.5
Short Blades   | 1 2 |  2.6
Armour         | 1 2 |  2.4
Spellcasting   | 3 4 5 |  5.0
Conjurations   | 1 |  1.4
Air Magic      | 1 |  1.2
Fighting       | |  0.6
Throwing       | |  0.1
Shields        | |  0.5

Action                     |  1- 3 |  4- 6 |  7- 9 || total
---------------------------+-------+-------+-------++-------
  Melee: Dagger            |    23 |    64 |    35 ||   122
         Unarmed           |     7 |       |       ||     7
         Touch             |     5 |    20 |     8 ||    33
  Throw: Dart              |       |     4 |     2 ||     6
   Cast: Necrotise         |    47 |   123 |    28 ||   198
         Vampiric Draining |       |     4 |       ||     4
         Static Discharge  |       |    10 |    20 ||    30
    Use: Scroll            |       |     2 |     4 ||     6
         Potion            |       |     1 |       ||     1
   Stab: Sleeping          |     4 |     4 |     1 ||     9
 Armour: Robe              |     8 |     1 |       ||     9
         Leather armour    |       |    50 |    27 ||    77
  Dodge: Dodged            |    17 |    57 |    28 ||   102
  Block: Other             |       |       |     9 ||     9

Table legend: (Time is in decaauts)
 A = Elapsed time spent in this place.
 B = Non-inter-level travel time spent in this place.
 C = Inter-level travel time spent in this place.
 D = Time resting spent in this place.
 E = Time spent auto-exploring this place.
 F = Levels seen in this place.
 G = Mean time per level.
                   A        B        C        D        E       F      G
               +--------+--------+--------+--------+--------+-----+--------+
         Total |   6003 |   5923 |     80 |    535 |   4247 |   7 |  857.6 |
       Dungeon |   5857 |   5777 |     80 |    431 |   4247 |   6 |  976.2 |
        Temple |    146 |    146 |      0 |    104 |      0 |   1 |  146.0 |
               +--------+--------+--------+--------+--------+-----+--------+

Top non-repeatable levels by time:
     D:3: 1666 daAuts
     D:4: 1253 daAuts
     D:2: 1183 daAuts
     D:5: 878 daAuts
     D:1: 758 daAuts
  Temple: 146 daAuts
     D:6: 118 daAuts
